 Dungeon Crawl Stone Soup version 0.22-a0-447-gee5f723 (webtiles) character file.

29012 nikopol the Eclecticist (level 13, -2/68 HPs)
             Began as a Deep Elf Fire Elementalist on June 2, 2018.
             Was a High Priest of Vehumet.
             Splashed by an oklob plant's acid (17 damage)
             ... on level 5 of the Lair of Beasts on June 3, 2018.
             The game lasted 01:17:51 (20506 turns).

nikopol the Eclecticist (DEFE)                     Turns: 20506, Time: 01:17:52

Health: -2/68      AC: -7    Str:  5    XL:     13   Next: 12%
Magic:  9/34       EV: 20    Int: 26    God:    Vehumet [*****.]
Gold:   888        SH:  0    Dex: 15    Spells: 25/43 levels left

rFire    + . .     SeeInvis .   D - +1 dagger (drain)
rCold    + . .     Gourm    .   (no shield)
rNeg     . . .     Faith    .   E - +1 robe {rC+ rF+}
rPois    +         Spirit   .   (no helmet)
rElec    .         Reflect  .   (no cloak)
rCorr    .         Harm     .   (no gloves)
MR       +....                  n - +1 pair of boots
Stlth    +++.......             (no amulet)
HPRegen  0.21/turn              f - +5 ring of evasion
MPRegen  0.24/turn              m - ring of poison resistance

@: corroded
A: no striking features
a: Renounce Religion


You were on level 5 of the Lair of Beasts.
You worshipped Vehumet.
Vehumet was extremely pleased with you.
You were very hungry.

You visited 3 branches of the dungeon, and saw 16 of its levels.
You also visited: Ossuary.

You collected 888 gold pieces.

Inventory:

Hand Weapons
 D - a +1 dagger of draining (weapon)
Armour
 a - a +0 robe
 n - a +1 pair of boots (worn)
 E - a +1 robe of resistance (worn)
Jewellery
 f - a +5 ring of evasion (left hand)
 h - an uncursed ring of protection from cold
 m - a ring of poison resistance (right hand)
 v - an uncursed ring of ice {unknown}
Wands
 u - a wand of paralysis (12)
 y - a wand of digging (24)
 B - a wand of polymorph (19)
 I - a wand of clouds (6)
Scrolls
 i - 2 scrolls of fog
 j - 6 scrolls of remove curse
 l - 6 scrolls of teleportation
 r - 2 scrolls of magic mapping {unknown}
 s - 2 scrolls of identify
 t - 3 scrolls of enchant armour
 w - a scroll of summoning
 F - a scroll of holy word {unknown}
 G - a scroll of enchant weapon
Potions
 b - 3 potions of brilliance
 d - 4 potions of cancellation
 e - 6 potions of heal wounds
 g - 6 potions of agility
 k - 2 potions of lignification
 o - 2 potions of haste
 p - a potion of might
 q - 9 potions of curing
 x - a potion of magic
 z - 2 potions of invisibility
 A - a potion of ambrosia
 C - 2 potions of resistance
 H - a potion of degeneration {unknown}
Comestibles
 c - 23 rations


   Skills:
 + Level 2.8 Fighting
 + Level 5.4 Dodging
 + Level 4.9 Stealth
 - Level 1.0 Unarmed Combat
 + Level 15.7 Spellcasting
 + Level 13.2 Conjurations
 + Level 13.4 Fire Magic


You had 25 spell levels left.
You knew the following spells:

 Your Spells              Type           Power        Failure   Level  Hunger
a - Flame Tongue          Conj/Fire      #####        0%          1    None
b - Throw Flame           Conj/Fire      ######       0%          2    None
c - Conjure Flame         Conj/Fire      ######..     1%          3    None
d - Sticky Flame          Conj/Fire      ######..     1%          4    None
e - Fireball              Conj/Fire      ######....   1%          5    None
f - Regeneration          Chrm/Necr      ###.......   8%          3    None

Your spell library contained the following spells:

 Spells                   Type           Power        Failure   Level  Hunger
 Bolt of Draining         Conj/Necr      ######....   1%          5    None
 Iskenderun's Mystic Bla  Conj           ######..     1%          4    None
 Shock                    Conj/Air       ####         1%          1    None
 Spider Form              Tmut/Pois      ###.......   8%          3    None
 Blade Hands              Tmut           ###.......   56%         5    None
 Ice Form                 Ice/Tmut       ###.....     26%         4    None
 Sticks to Snakes         Tmut           ###.....     3%          2    None
 Shroud of Golubria       Chrm/Tloc      ###.......   3%          2    None
 Inner Flame              Hex/Fire       ######..     1%          3    None
 Beastly Appendage        Tmut           ###...       2%          1    None
 Infusion                 Chrm           ###.         2%          1    None
 Song of Slaying          Chrm           ###.....     3%          2    None
 Spectral Weapon          Hex/Chrm       ###.....     8%          3    None


Dungeon Overview and Level Annotations

Branches:
Dungeon (10/15)            Temple (1/1) D:4            Lair (5/6) D:10
  Swamp (0/4) Lair:3       Spider (0/4) Lair:4          Orc (0/2) D:9
  Slime: Lair:5-6

Altars:
Ashenzari
Cheibriados
Dithmenos
Elyvilon
Fedhas
Gozag
Hepliaklqana
Kikubaaqudgha
Makhleb
Nemelex Xobeh
Okawaru
Qazlal
Ru
Sif Muna
Trog
Uskayaw
Vehumet
Wu Jian
Xom
Zin
The Shining One

Shops:
D:6 =

Annotations:
D:4 2 transporters
D:7 nikopol's ghost, novice DEFE
Lair:5 exclusion: oklob plant


Message History

The oklob plant spits acid at you. The splash of acid hits you!
The acid corrodes you!
You are splashed with acid!
The acid burns!
Casting: Fireball (safe; 1% risk of failure)
Confirm with . or Enter, or press ? or * to list all spells.
Aiming: Fireball (safe; 1% risk of failure)
Press: ? - help, Shift-Dir - straight line The fireball explodes!
The fireball engulfs the oklob plant.
The oklob plant is severely damaged.
Casting: Fireball (safe; 1% risk of failure)
Confirm with . or Enter, or press ? or * to list all spells.
Aiming: Fireball (safe; 1% risk of failure)
Press: ? - help, Shift-Dir - straight line The fireball explodes!
The fireball engulfs the oklob plant.
The oklob plant is severely damaged.
The oklob plant spits acid at you. The splash of acid hits you!
* * * LOW HITPOINT WARNING * * *
The acid corrodes you!
You are splashed with acid!
The acid burns!
You die...

..#####.###.....####
....# ### ##.....#.#
....# ##......##
....# ###.....##
..#.## P### ##.....#
...#.# ....#
##....## #.#.##
.....####....# #####
........#....#
#......@....##
##.#.......##
#########


You could see an oklob plant.

Vanquished Creatures
  Snorg (Lair:5)
  Harold (Lair:4)
  4 hydras
  A two-headed ogre (D:9)
  A death yak (Lair:2)
  An unseen horror (D:9)
  2 oklob plants (Lair:5)
  5 black mambas
  Joseph (D:7)
  5 elephants (Lair:3)
  2 spiny frogs
  A rime drake (Lair:2)
  The ghost of Blackrapter the Skirmisher, a novice GrMo of Okawaru (D:5)
  4 komodo dragons
  Grinder (D:3)
  2 polar bears
  3 blink frogs (Lair:4)
  Prince Ribbit (D:7)
  2 hippogriffs
  A redback (Lair:4)
  A spriggan (Lair:5)
  Sigmund (D:6)
  2 wyverns
  14 yaks
  6 basilisks
  3 vampire mosquitoes (Lair:3)
  A hungry ghost (D:9)
  Menkaure (D:7)
  3 steam dragons
  2 soldier ants (D:8)
  10 porcupines
  Duvessa (D:7)
  4 water moccasins
  2 orc warriors
  3 sky beasts
  2 black bears
  2 phantoms
  A necrophage (D:6)
  9 wolves
  7 ogres
  7 centaurs
  10 big kobolds
  11 crocodiles
  Blork the orc (D:6)
  16 bullfrogs
  A wyvern zombie (Ossuary)
  2 water moccasin zombies (Ossuary)
  2 scorpions
  Dowan (D:7)
  10 killer bees
  7 howler monkeys
  3 jellies
  2 bullfrog zombies (Ossuary)
  3 bullfrog skeletons
  3 centaur zombies (Ossuary)
  A centaur skeleton (D:4)
  13 orc wizards
  2 hounds (D:9)
  10 orc priests
  A gnoll shaman (D:4)
  3 iguanas
  9 worker ants
  A killer bee zombie (Ossuary)
  14 mummies (Ossuary)
  3 hound zombies
  2 hound skeletons
  3 worker ant zombies
  5 adders
  5 gnolls (D:4)
  A shadow imp (D:10)
  An ooze (D:3)
  3 adder zombies
  2 adder skeletons
  2 worms
  4 dart slugs
  3 leopard geckos
  66 orcs
  2 giant cockroaches
  9 hobgoblins
  16 jackals
  5 quokkas
  4 ball pythons
  5 bats
  4 frilled lizards
  A giant cockroach zombie (Ossuary)
  10 goblins
  A goblin zombie (D:4)
  17 kobolds
  6 leopard gecko zombies
  A quokka skeleton (D:5)
  2 quokka zombies
  7 rats
  2 fungi
440 creatures vanquished.

Vanquished Creatures (others)
  11 fungi
  7 plants
  5 withered plants (Ossuary)
23 creatures vanquished.

Grand Total: 463 creatures vanquished

Notes
Turn   | Place    | Note
-------+----------+-------------------------------------------
     0 | D:1      | nikopol the Deep Elf Fire Elementalist began the quest for the Orb.
     0 | D:1      | Reached XP level 1. HP: 10/10 MP: 6/6
   291 | D:1      | Reached XP level 2. HP: 15/15 MP: 6/8
   714 | D:1      | Reached XP level 3. HP: 19/19 MP: 6/10
  1147 | D:2      | Reached skill level 4 in Spellcasting
  1493 | D:2      | Learned a level 2 spell: Throw Flame
  1497 | D:2      | Learned a level 3 spell: Conjure Flame
  1695 | D:3      | Reached XP level 4. HP: 24/24 MP: 8/12
  1874 | D:3      | Noticed Grinder
  1889 | D:3      | Killed Grinder
  1889 | D:3      | Reached skill level 5 in Spellcasting
  1889 | D:3      | Reached skill level 5 in Fire Magic
  1889 | D:3      | Reached XP level 5. HP: 11/28 MP: 1/15
  1889 | D:3      | Reached XP level 6. HP: 12/32 MP: 1/16
  2155 | D:3      | Found a snail-covered altar of Cheibriados.
  2361 | D:3      | Found a sacrificial altar of Ru.
  2471 | D:3      | Learned a level 4 spell: Sticky Flame
  2528 | D:3      | Learned a level 5 spell: Fireball
  2725 | D:4      | Reached skill level 6 in Spellcasting
  2764 | D:4      | Reached XP level 7. HP: 35/37 MP: 9/18
  2852 | D:4      | Found a transporter.
  3013 | D:4      | Found a sand-covered staircase.
  3020 | Ossuary  | Entered an ossuary
  3038 | Ossuary  | Reached skill level 1 in Fighting
  3040 | Ossuary  | Reached skill level 7 in Spellcasting
  3520 | Ossuary  | Reached XP level 8. HP: 43/43 MP: 17/21
  3524 | Ossuary  | Reached skill level 1 in Unarmed Combat
  3657 | Ossuary  | Reached skill level 5 in Conjurations
  4275 | D:4      | Found a transporter.
  4297 | D:4      | Found an ornate altar of the Wu Jian Council.
  4297 | D:4      | Found a shimmering altar of Xom.
  4339 | D:4      | Found a stormy altar of Qazlal.
  4504 | D:4      | Found a staircase to the Ecumenical Temple.
  4515 | Temple   | Entered the Ecumenical Temple
  4581 | Temple   | Became a worshipper of Vehumet
  4731 | D:4      | Reached skill level 8 in Spellcasting
  4758 | D:4      | Found a hide-covered altar of Uskayaw.
  4788 | D:5      | Entered Level 5 of the Dungeon
  4942 | D:5      | Noticed Blackrapter's ghost (novice GrMo)
  5413 | D:5      | Killed Blackrapter's ghost
  5413 | D:5      | Reached skill level 9 in Spellcasting
  5480 | D:5      | Reached XP level 9. HP: 47/47 MP: 10/24
  5720 | D:5      | Found a white marble altar of Elyvilon.
  5943 | D:6      | Found Urucsaep's Jewellery Boutique.
  6085 | D:6      | Noticed Sigmund
  6088 | D:6      | Killed Sigmund
  6474 | D:6      | Noticed Blork the orc
  6486 | D:6      | Killed Blork the orc
  6486 | D:6      | Reached skill level 10 in Spellcasting
  6685 | D:5      | Found a bloodstained altar of Trog.
  6760 | D:6      | Found a snail-covered altar of Cheibriados.
  6832 | D:6      | Reached * piety under Vehumet
  6832 | D:6      | Offered knowledge of Sting by Vehumet.
  7065 | D:6      | Found a glowing golden altar of the Shining One.
  7670 | D:7      | Noticed nikopol's ghost (novice DEFE)
  7818 | D:7      | Noticed Dowan
  7819 | D:7      | Noticed Duvessa
  7836 | D:7      | Killed Dowan
  7838 | D:7      | Killed Duvessa
  7982 | D:7      | Noticed Menkaure
  7988 | D:7      | Reached skill level 11 in Spellcasting
  7991 | D:7      | Offered knowledge of Sandblast by Vehumet.
  7996 | D:7      | Killed Menkaure
  7996 | D:7      | Reached ** piety under Vehumet
  8283 | D:7      | Noticed Prince Ribbit
  8291 | D:7      | Killed Prince Ribbit
  8291 | D:7      | Reached XP level 10. HP: 52/52 MP: 12/27
  8591 | D:7      | Noticed Joseph
  8595 | D:7      | Killed Joseph
  8905 | D:8      | Identified a scroll of acquirement
  8905 | D:8      | Identified Quofomim's Collected Works on Attacks (You acquired it on level 8 of the Dungeon)
  9777 | D:8      | Reached skill level 10 in Fire Magic
  9780 | D:8      | Offered knowledge of Stone Arrow by Vehumet.
 10267 | D:8      | Reached *** piety under Vehumet
 10469 | D:9      | Reached skill level 12 in Spellcasting
 10711 | D:9      | Offered knowledge of Ignite Poison by Vehumet.
 10951 | D:9      | Found a staircase to the Orcish Mines.
 11312 | D:9      | Reached **** piety under Vehumet
 11351 | D:9      | Found a hazy altar of Hepliaklqana.
 11394 | D:9      | Offered knowledge of Lee's Rapid Deconstruction by Vehumet.
 11403 | D:9      | Found an opulent altar of Gozag.
 11547 | D:9      | Noticed a two-headed ogre
 11554 | D:9      | Killed a two-headed ogre
 11554 | D:9      | Reached skill level 10 in Conjurations
 11554 | D:9      | Reached XP level 11. HP: 57/57 MP: 11/29
 11718 | D:9      | Noticed an unseen horror
 11734 | D:9      | Killed an unseen horror
 12236 | D:10     | Entered Level 10 of the Dungeon
 12585 | D:10     | Found a stormy altar of Qazlal.
 13119 | D:10     | Reached ***** piety under Vehumet
 13134 | D:10     | Found a staircase to the Lair.
 13148 | D:10     | Offered knowledge of Olgreb's Toxic Radiance by Vehumet.
 13397 | Lair:1   | Entered Level 1 of the Lair of Beasts
 13501 | Lair:1   | Reached skill level 13 in Spellcasting
 13624 | Lair:1   | You fall through a shaft!
 13626 | Lair:2   | Noticed a seven-headed hydra
 13633 | Lair:2   | Killed a seven-headed hydra
 14503 | Lair:2   | Reached skill level 5 in Dodging
 14679 | Lair:2   | Noticed a death yak
 14695 | Lair:2   | Killed a death yak
 14701 | Lair:2   | Reached XP level 12. HP: 62/62 MP: 1/31
 15175 | Lair:1   | Reached skill level 14 in Spellcasting
 15808 | Lair:3   | Upgraded the game from 0.22-a0-445-g8c8ef71 to 0.22-a0-447-gee5f723
 16021 | Lair:3   | Noticed an eight-headed hydra
 16028 | Lair:3   | Killed an eight-headed hydra
 17197 | Lair:3   | Noticed a seven-headed hydra
 17201 | Lair:3   | Killed a seven-headed hydra
 17296 | Lair:3   | Learned a level 3 spell: Regeneration
 17348 | Lair:3   | Found a staircase to the Swamp.
 17532 | Lair:4   | Found a hole to the Spider Nest.
 17564 | Lair:4   | Noticed Harold
 17569 | Lair:4   | Killed Harold
 17569 | Lair:4   | Reached skill level 15 in Spellcasting
 18068 | Lair:4   | Noticed a four-headed hydra
 18072 | Lair:4   | Killed a four-headed hydra
 19481 | Lair:5   | Noticed Snorg
 19492 | Lair:5   | Reached XP level 13. HP: 57/68 MP: 29/34
 19715 | Lair:5   | Killed Snorg
 20506 | Lair:5   | Splashed by an oklob plant's acid

Vault maps used:
D:1:      tarquinn_simple_flora_water_a
D:3:      nicolae_overflow_crystal_walls, minmay_tree_intersection,
          kennysheep_slug_shrine, uniq_grinder
D:4:      marbit_many_paths, gammafunk_temple_overflow_arena,
          minmay_temple_entry_poolview, enter_ossuary_4, minmay_misc_feat_roman,
          minmay_misc_feat_secret_circle
D:5:      lemuel_upstairs_altar, elyvilon_altar_1, first_ration,
          due_unseen_surprise
D:6:      kennysheep_steamy, nicolae_tso_swordbearing_angel,
          overflow_temple_1_default, serial_shops, shop, st_stairs_11,
          uniq_sigmund, uniq_blork_the_orc
D:7:      uniq_menkaure, uniq_duvessa, uniq_prince_ribbit1, uniq_joseph
D:8:      enter_bailey_3, special_room, hangedman_pestilent_swarm
D:9:      overflow_temple_1_default, nicolae_gozag_seed_capital,
          hiddenorc2_lemuel, special_room
D:10:     erik_lair_dragon, basic_altar
Temple:   hc_temple_tempest_star
Lair:2:   hangedman_lair_generics_rect
Lair:3:   minmay_swamp_entry_swarm, lemuel_fruit_fields
Lair:4:   spider_nest_entry_rubble, wad_woods_river_01, uniq_harold
Lair:5:   minmay_slime_entry_oklob_enclosed, grunt_forest_stairs_clearing,
          uniq_snorg
Ossuary:  ossuary_zaba_flooded

Skill      XL: |  1  2  3  4  5  6  7  8  9 10 11 12 |
---------------+-------------------------------------+-----
Fire Magic     | 4 5 6 7 9 11 12 13 | 13.4
Spellcasting   | 4 5 6 7 9 11 12 13 15 | 15.7
Stealth        | 3 4 |  4.9
Conjurations   | 3 4 6 8 10 11 13 | 13.2
Fighting       | 1 2 |  2.8
Dodging        | 3 4 5 |  5.4
Unarmed Combat | 1 |  1.0

Action                   |  1- 3 |  4- 6 |  7- 9 | 10-12 | 13-15 || total
-------------------------+-------+-------+-------+-------+-------++-------
Melee: Unarmed           |       |       |    15 |       |       ||    15
       Dagger            |       |       |       |     4 |     2 ||     6
 Cast: Flame Tongue      |    87 |    72 |   239 |   314 |    14 ||   726
       Sticky Flame      |       |     1 |    29 |    71 |     6 ||   107
       Conjure Flame     |       |       |    13 |     5 |       ||    18
       Fireball          |       |       |    22 |   151 |    16 ||   189
       Throw Flame       |       |       |     5 |    24 |     2 ||    31
  Use: Scroll            |       |     7 |     2 |    18 |       ||    27
       Potion            |       |       |     2 |       |       ||     2
  Eat: Chunk             |     2 |     3 |    19 |    34 |     2 ||    60
       Ration            |       |       |     1 |     3 |       ||     4
Armor: Robe              |     4 |     2 |    16 |    21 |     1 ||    44
       Skin              |       |       |    14 |       |       ||    14
Dodge: Dodged            |    12 |    22 |    89 |   112 |    10 ||   245

Table legend:
 A = Spawn XP
 B = Non-spawn XP
 C = Spawn XP percentage of total XP
 D = Spawn monster count
 E = Non-spawn monster count
 F = Spawn count percentage of total count
 G = Total turns spent on level
                    A         B        C        D         E        F      G
               +---------+---------+-------+---------+---------+-------+---------
         Total |       0 |   41446 |   0.0 |       0 |     438 |   0.0 | 20506
               +---------+---------+-------+---------+---------+-------+---------
           D:1 |       0 |      50 |   0.0 |       0 |      27 |   0.0 |   998
           D:2 |       0 |      41 |   0.0 |       0 |      21 |   0.0 |   684
           D:3 |       0 |     358 |   0.0 |       0 |      17 |   0.0 |   963
           D:4 |       0 |     576 |   0.0 |       0 |      25 |   0.0 |  1062
           D:5 |       0 |     970 |   0.0 |       0 |      17 |   0.0 |  1037
           D:6 |       0 |    1431 |   0.0 |       0 |      19 |   0.0 |  1776
           D:7 |       0 |    2220 |   0.0 |       0 |      30 |   0.0 |  1133
           D:8 |       0 |    2313 |   0.0 |       0 |      44 |   0.0 |  1691
           D:9 |       0 |    3671 |   0.0 |       0 |      78 |   0.0 |  1671
          D:10 |       0 |    1595 |   0.0 |       0 |      22 |   0.0 |  1161
        Lair:1 |       0 |    1469 |   0.0 |       0 |       8 |   0.0 |   837
        Lair:2 |       0 |    7501 |   0.0 |       0 |      31 |   0.0 |  1696
        Lair:3 |       0 |    7902 |   0.0 |       0 |      23 |   0.0 |  1553
        Lair:4 |       0 |    5697 |   0.0 |       0 |      23 |   0.0 |  1650
        Lair:5 |       0 |    4796 |   0.0 |       0 |      19 |   0.0 |  1373
       Ossuary |       0 |     856 |   0.0 |       0 |      34 |   0.0 |  1142
               +---------+---------+-------+---------+---------+-------+---------
